Map: Nightscape LE

Players

MatchMkngSux - Winner!

  • Race: Protoss Protoss
  • Spawn Location: 7:00

zykes - Winner!

  • Race: Zerg Zerg
  • Spawn Location: 7:00

Massa

  • Race: Terran Terran
  • League: Platinum
  • Spawn Location: 1:00

qqq

  • Race: Zerg Zerg
  • League: Platinum
  • Spawn Location: 1:00

VOD

Have the link to the VOD?

Description

Time

  • Played on: Dec. 29, 2020, 4 p.m.
  • Length: 16:42
Show
View Real Time Build Order
Export as new Build Order

MatchMkngSux Protoss - Winner!

Build Orders: 1 Gate Expand, Phoenix Opening 

Get SALT Encoding   

  12  0:00  Probe  
  13  0:12  Probe  
  14  0:26  Pylon  
  14  0:27  Probe  
  15  0:44  Gateway  
  15  0:45  Probe (Chrono Boost)  
  16  0:54  Probe (Chrono Boost)  
  17  1:13  Nexus  
  17  1:16  Assimilator  
  17  1:21  Probe (Chrono Boost)  
  18  1:28  Probe (Chrono Boost)  
  19  1:36  Cybernetics Core  
  19  1:41  Probe, Assimilator  
  20  1:53  Probe  
  21  2:08  Probe (Chrono Boost)  
  21  2:17  Probe (Chrono Boost)  
  21  2:22  Probe (Chrono Boost)  
  22  2:24  Assimilator  
  22  2:25  Probe (Chrono Boost)  
  22  2:29  Stargate  
  24  2:30  Assimilator  
  24  2:34  Probe (Chrono Boost)  
  26  2:43  Probe (Chrono Boost)  
  27  2:45  Probe (Chrono Boost)  
  27  2:49  Probe (Chrono Boost)  
  27  2:50  Probe (Chrono Boost)  
  29  2:55  Pylon  
  29  3:00  Stargate  
  29  3:01  Probe  
  30  3:14  Probe (Chrono Boost), Phoenix  
  34  3:20  Probe (Chrono Boost)  
  35  3:31  Probe x2 (Chrono Boost)  
  36  3:36  Probe (Chrono Boost), Protoss Air Weapons Level 1  
  36  3:38  Phoenix  
  39  3:46  Probe, Phoenix  
  42  3:49  Probe  
  43  3:57  Forge  
  43  4:00  Probe  
  44  4:04  Probe  
  45  4:22  Pylon  
  45  4:25  Pylon  
  45  4:32  Probe  
  45  4:36  Void Ray  
  45  4:37  Void Ray  
  46  4:42  Photon Cannon  
  46  4:44  Probe (Chrono Boost)  
  55  4:48  Pylon  
  56  4:53  Probe (Chrono Boost)  
  56  4:54  Stargate  
  56  5:06  Photon Cannon  
  56  5:09  Photon Cannon  
  56  5:12  Photon Cannon  
  56  5:19  Pylon  
  56  5:45  Void Ray x2 (Chrono Boost)  
  56  5:46  Void Ray (Chrono Boost)  
  48  5:53  Stalker  
  62  6:11  Photon Cannon  
  62  6:20  Void Ray x2 (Chrono Boost)  
  62  6:21  Void Ray (Chrono Boost)  
  62  6:26  Photon Cannon  
  60  7:16  Void Ray x2  
  60  7:22  Pylon  
  60  7:24  Pylon  
  60  7:29  Probe (Chrono Boost)  
  61  7:36  Void Ray  
  63  7:53  Void Ray x2  
  71  8:09  Protoss Air Armor Level 1  
  71  8:18  Void Ray  
  71  8:25  Probe (Chrono Boost)  
  76  8:30  Pylon  
  77  8:34  Probe (Chrono Boost)  
  77  8:39  Probe (Chrono Boost)  
  78  8:42  Void Ray  
  78  9:13  Void Ray x2  
  86  9:36  Stargate  
  86  9:40  Stargate  
  86  9:55  Probe (Chrono Boost)  
  86  9:59  Nexus  
  86  10:00  Assimilator  
  86  10:03  Assimilator  
  86  10:06  Pylon  
  86  10:18  Void Ray  
  86  10:24  Probe  
  86  10:25  Pylon  
  91  10:29  Photon Cannon  
  91  10:30  Pylon  
  91  10:31  Photon Cannon  
  91  10:34  Pylon  
  91  10:36  Probe  
  91  10:37  Void Ray x2  
  92  10:43  Pylon  
  92  10:44  Photon Cannon  
  92  10:48  Photon Cannon  
  92  10:49  Probe  
  101  11:01  Probe (Chrono Boost)  
  101  11:03  Probe (Chrono Boost)  
  103  11:05  Void Ray x2  
  104  11:11  Probe (Chrono Boost)  
  104  11:13  Probe (Chrono Boost)  
  104  11:15  Fleet Beacon  
  104  11:18  Probe (Chrono Boost)  
  115  11:21  Probe (Chrono Boost)  
  115  11:25  Probe (Chrono Boost)  
  116  11:29  Probe (Chrono Boost)  
  116  11:30  Probe (Chrono Boost)  
  118  11:34  Gateway  
  118  11:39  Probe  
  119  11:42  Phoenix  
  105  12:21  Tempest x5  
  122  12:26  Probe (Chrono Boost)  
  123  12:45  Nexus  
  123  12:47  Assimilator  
  123  12:49  Protoss Air Weapons Level 2 (Chrono Boost)  
  123  12:52  Assimilator  
  123  12:53  Pylon  
  121  13:13  Tempest x5  
  110  14:03  Carrier x2  
  110  14:04  Carrier  
  110  14:08  Probe (Chrono Boost)  
  129  14:11  Photon Cannon  
  129  14:14  Photon Cannon  
  129  14:15  Probe (Chrono Boost)  
  131  14:18  Probe (Chrono Boost)  
  131  14:21  Pylon  
  131  14:22  Probe (Chrono Boost)  
  132  14:27  Probe (Chrono Boost)  
  139  14:31  Carrier  
  139  14:38  Probe (Chrono Boost)  
  136  14:47  Probe (Chrono Boost)  
  137  14:58  Carrier  
  142  15:10  Probe  
  124  15:23  Probe (Chrono Boost), Photon Cannon  
  124  15:24  Photon Cannon  
  124  15:26  Pylon  
  125  15:31  Probe (Chrono Boost)  
  126  15:40  Probe (Chrono Boost)  
  145  15:57  Nexus  
  145  15:58  Pylon  
  145  16:02  Assimilator  
  139  16:07  Assimilator  
  134  16:29  Photon Cannon  
  134  16:30  Photon Cannon  
  134  16:32  Photon Cannon  
  134  16:35  Photon Cannon  
  134  16:37  Photon Cannon  
  134  16:38  Photon Cannon  
  141  16:40  Pylon  
Show
View Real Time Build Order
Export as new Build Order

zykes Zerg - Winner!

Build Orders: Hatch First, Lurkers 

Get SALT Encoding   

  12  0:09  Drone x2  
  14  0:18  Overlord  
  15  0:50  Drone x3  
  17  1:01  Drone, Extractor  
  17  1:06  Hatchery  
  16  1:14  Spawning Pool  
  16  1:18  Drone  
  16  1:22  Drone  
  17  1:55  Drone x3  
  20  2:06  Drone  
  21  2:18  Drone  
  21  2:19  Drone  
  21  2:20  Queen  
  21  2:21  Queen  
  27  2:27  Overlord  
  28  2:30  Zergling x2  
  28  2:44  Overlord  
  28  2:47  Zergling x2  
  29  2:53  Zergling x4  
  31  3:07  Zergling x4  
  33  3:14  Baneling Nest  
  33  3:15  Drone  
  33  3:16  Drone  
  34  3:22  Extractor  
  34  3:24  Drone x2  
  35  3:40  Hatchery  
  34  3:45  Drone x6  
  34  3:46  Drone  
  41  3:53  Drone  
  42  3:56  Drone, Extractor  
  42  3:57  Extractor  
  41  4:05  Drone x3  
  41  4:06  Overlord  
  44  4:13  Lair  
  44  4:16  Metabolic Boost  
  44  4:17  Overlord  
  44  4:18  Overlord  
  44  4:22  Overlord x2  
  44  4:24  Queen  
  44  4:29  Drone x3  
  49  4:32  Drone  
  50  4:44  Drone x2  
  52  4:50  Zergling x4  
  52  4:51  Zergling x2  
  54  4:54  Zergling x2  
  54  4:57  Zergling x2  
  54  4:58  Zergling x2  
  54  4:59  Baneling  
  57  5:00  Baneling x6  
  57  5:02  Zergling x2  
  58  5:09  Zergling x4  
  58  5:13  Zergling x2  
  61  5:19  Zergling x8  
  61  5:20  Zergling x2  
  65  5:25  Zergling x2  
  65  5:26  Zergling x2  
  59  5:41  Zergling x12  
  57  5:46  Zergling x4  
  57  5:47  Zergling x4  
  55  5:51  Zergling x2  
  56  6:03  Zergling x6  
  52  6:10  Zergling x2  
  46  6:15  Zergling x4  
  27  6:29  Zergling x2  
  27  6:31  Queen  
  26  6:53  Zergling x4  
  28  6:59  Hatchery  
  25  7:13  Zergling x4  
  27  7:21  Hydralisk Den  
  25  7:25  Zergling x2  
  26  7:30  Drone  
  27  7:43  Queen  
  29  7:50  Drone x4  
  33  7:52  Hatchery  
  32  8:01  Grooved Spines  
  32  8:07  Hydralisk  
  32  8:08  Hydralisk  
  32  8:11  Hydralisk  
  38  8:16  Drone x3  
  38  8:19  Hydralisk  
  41  8:25  Hydralisk  
  45  8:29  Hydralisk  
  45  8:34  Hydralisk  
  49  8:48  Drone x2, Lurker Den  
  48  8:49  Drone  
  48  8:50  Overlord  
  48  8:53  Overlord  
  51  9:04  Overlord  
  51  9:15  Drone x3  
  51  9:17  Drone x3  
  56  9:22  Hydralisk  
  56  9:23  Extractor  
  58  9:30  Drone x3  
  61  9:46  Hydralisk x3  
  61  9:51  Zergling x6  
  70  9:56  Zergling x6  
  51  10:11  Hydralisk x2  
  51  10:12  Zergling x2  
  52  10:22  Drone x2  
  54  10:33  Drone x3  
  57  10:38  Drone  
  57  10:42  Drone  
  59  10:46  Drone  
  60  10:50  Drone  
  61  11:00  Lurker x3  
  64  11:09  Drone x2  
  64  11:10  Drone  
  67  11:16  Drone  
  67  11:17  Drone  
  70  11:25  Drone x3  
  70  11:32  Drone x3  
  64  12:13  Hydralisk x4  
  64  12:14  Hydralisk  
  73  12:16  Zergling x8  
  77  12:38  Extractor  
  77  12:39  Extractor  
  77  12:42  Drone x6  
  77  12:43  Hatchery  
  80  12:52  Drone x2  
  82  13:00  Overlord x4  
  82  13:01  Infestation Pit  
  82  13:02  Evolution Chamber  
  82  13:03  Centrifical Hooks  
  80  13:06  Muscular Augments  
  80  13:13  Drone x2, Evolution Chamber  
  80  13:14  Drone  
  82  13:22  Hydralisk, Overlord  
  82  13:23  Hydralisk x2  
  82  13:24  Hydralisk  
  82  13:25  Hydralisk  
  92  13:28  Zergling x2  
  93  13:40  Lurker x4  
  97  13:44  Zergling x10  
  102  13:48  Zerg Melee Weapons Level 1  
  102  13:50  Zerg Missile Weapons Level 1  
  102  13:56  Drone x2  
  102  13:57  Drone x2  
  106  14:04  Hive  
  104  14:30  Drone x2  
  104  14:31  Drone  
  107  14:38  Drone  
  107  14:39  Drone x11  
  119  14:47  Baneling  
  119  14:48  Baneling x15  
  115  15:09  Hydralisk  
  115  15:10  Hydralisk x6  
  115  15:11  Zergling x4  
  120  15:27  Seismic Spines  
  119  15:29  Drone x4  
  119  15:30  Drone x3  
  119  15:33  Extractor  
  119  15:34  Extractor  
  119  15:35  Hydralisk  
  126  15:38  Overlord x2  
  126  15:39  Overlord  
  126  15:46  Overlord  
  126  15:47  Hatchery, Queen  
  106  16:25  Zergling x8  
  124  16:36  Lurker x5  
  124  16:37  Lurker x2  
Show
View Real Time Build Order
Export as new Build Order

Massa Terran 

Build Orders:  

Get SALT Encoding   

  12  0:00  SCV  
  13  0:17  Supply Depot  
  13  0:18  SCV  
  14  0:30  SCV  
  15  0:39  Barracks  
  15  0:42  SCV  
  16  0:50  Refinery  
  16  0:54  SCV  
  17  1:06  SCV  
  18  1:18  SCV  
  19  1:26  Marine  
  19  1:30  Orbital Command  
  20  1:40  Command Center  
  20  2:00  SCV  
  21  2:08  Marine  
  21  2:10  Barracks  
  21  2:13  SCV  
  23  2:25  Barracks  
  23  2:30  Supply Depot  
  23  2:38  Barracks Tech Lab  
  23  2:43  Supply Depot  
  23  2:51  SCV  
  24  2:59  Orbital Command  
  24  3:01  Barracks  
  24  3:03  SCV  
  24  3:04  Marine  
  24  3:05  Marine  
  27  3:06  Stimpack  
  27  3:13  Marine  
  27  3:18  SCV  
  29  3:22  Marine  
  29  3:23  Marine  
  29  3:25  SCV  
  32  3:30  SCV  
  32  3:31  Marine  
  34  3:35  Supply Depot  
  34  3:37  SCV  
  34  3:40  Marine x2  
  37  3:47  SCV  
  38  3:48  Marine  
  38  3:49  SCV, Marine  
  41  3:57  Marine  
  41  3:58  Marine, Supply Depot  
  41  3:59  SCV  
  44  4:04  Engineering Bay  
  44  4:06  Marine  
  44  4:07  Marine  
  46  4:15  Marine  
  46  4:16  Marine  
  48  4:23  SCV  
  48  4:24  SCV, Marine x2  
  52  4:31  Missile Turret  
  52  4:33  Marine  
  52  4:34  Marine  
  52  4:35  Missile Turret  
  54  4:42  Marine x2  
  54  4:45  Combat Shield  
  56  4:51  Marine  
  56  4:52  Marine  
  58  4:57  Supply Depot  
  58  5:00  Marine x2, Command Center  
  58  5:01  Terran Infantry Weapons Level 1  
  60  5:08  Factory  
  60  5:09  Marine x2  
  62  5:17  Marine  
  62  5:18  Marine  
  64  5:26  Marine  
  64  5:27  Marine  
  57  6:02  Marine x4  
  55  6:19  Marine  
  55  6:20  Marine x3  
  56  6:37  Marine  
  56  6:38  Marine x3  
  45  6:54  SCV x2  
  45  6:55  Marine x2  
  45  6:56  Marine x2  
  45  7:00  Refinery, Factory Tech Lab  
  50  7:06  SCV x2  
  51  7:13  Marine  
  47  7:27  Marine  
  47  7:28  Marine x2  
  48  7:31  Marine, Concussive Shells  
  49  7:39  Refinery  
  49  7:41  Missile Turret  
  49  7:43  Sensor Tower  
  49  7:45  Cyclone  
  49  7:50  Marine x3  
  49  7:51  Marine  
  53  7:57  Barracks  
  53  7:58  SCV, Barracks  
  54  7:59  Barracks x2  
  53  8:08  Marine x4  
  53  8:10  SCV  
  58  8:26  Marine, Missile Turret  
  59  8:27  Missile Turret  
  59  8:32  Marine x2  
  59  8:33  Marine  
  60  8:44  Marine  
  61  8:50  Marine  
  62  8:57  Marine, Missile Turret  
  62  8:58  Marine, Missile Turret  
  62  8:59  Missile Turret  
  62  9:01  Marine  
  53  9:14  Cyclone  
  51  9:25  Armory  
  51  9:29  Terran Infantry Armor Level 1  
  50  9:33  Missile Turret x3  
  50  9:34  Marine  
  50  9:35  Marine x3  
  54  9:42  Marine  
  54  9:43  Marine x3  
  58  9:46  Cyclone  
  58  9:52  Marine  
  61  9:54  Refinery  
  62  10:01  Supply Depot x2  
  62  10:02  Supply Depot  
  62  10:04  Supply Depot  
  62  10:07  Missile Turret  
  62  10:08  Missile Turret  
  62  10:09  Sensor Tower, Missile Turret  
  62  10:12  Barracks Tech Lab  
  62  10:13  Barracks Tech Lab  
  62  10:14  Barracks Reactor  
  62  10:16  Command Center  
  62  10:22  Marine x5  
  62  10:27  Missile Turret, Supply Depot  
  62  10:28  Supply Depot  
  67  10:29  Missile Turret  
  67  10:31  SCV x2, Supply Depot  
  69  10:40  Marine x5  
  74  10:43  SCV x2  
  74  10:47  Missile Turret  
  74  10:48  Missile Turret x2  
  76  10:55  SCV x2  
  78  11:04  Starport, Refinery  
  78  11:07  SCV  
  78  11:08  Missile Turret  
  78  11:09  Marine, Missile Turret  
  78  11:10  Marine x8  
  88  11:18  SCV  
  89  11:19  SCV  
  90  11:27  Refinery, Marine  
  90  11:28  Marine x6  
  90  11:30  Refinery, Orbital Command, SCV  
  90  11:31  SCV  
  99  11:36  Marine  
  99  11:37  Marine  
  101  11:42  SCV  
  101  11:43  SCV  
  101  11:45  Marine  
  101  11:46  Marine x6  
  109  11:54  SCV, Marine  
  109  11:55  SCV, Marine  
  105  12:06  SCV  
  89  12:21  Marine x4  
  89  12:22  Marine x5  
  94  12:25  Thor  
  100  12:37  Refinery  
  100  12:39  Marine x7  
  100  12:40  Marauder x2  
  111  12:46  Terran Vehicle Weapons Level 1  
  111  12:57  Marine x5  
  111  12:58  Marauder  
  118  13:04  Marine  
  118  13:12  Missile Turret  
  118  13:13  Missile Turret  
  118  13:14  Command Center, Missile Turret x2  
  118  13:19  Missile Turret  
  117  13:34  Missile Turret x2  
  117  13:35  Missile Turret  
  115  13:43  Supply Depot  
  115  13:44  Supply Depot  
  115  13:46  Supply Depot  
  115  13:47  Supply Depot  
  114  14:05  Marine x2  
  114  14:06  Marauder  
  114  14:07  Marauder, Marine x4, Viking  
  126  14:15  Missile Turret  
  126  14:33  Missile Turret  
  126  14:49  Marine x3  
  126  14:50  Marine x2  
  126  14:51  Marauder, Marine  
  134  14:53  Missile Turret  
  134  15:03  Marauder  
  134  15:04  SCV x2  
  134  15:07  Marauder, Marine  
  133  15:12  Marauder  
  120  15:16  SCV x2  
  72  15:21  Marine  
  72  15:22  Marine x4  
  72  15:23  Marine  
  72  15:28  Marauder  
  73  15:32  Orbital Command  
  73  15:33  Marauder  
  75  15:56  Medivac  
  72  16:23  Marine x3  
Show
View Real Time Build Order
Export as new Build Order

qqq Zerg 

Build Orders: Hatch First 

Get SALT Encoding   

  12  0:01  Drone  
  13  0:09  Drone  
  14  0:21  Overlord  
  14  0:48  Hatchery  
  14  0:49  Drone  
  14  0:55  Drone  
  14  0:56  Drone  
  16  1:14  Extractor  
  15  1:23  Drone x2  
  15  1:24  Drone  
  18  1:28  Spawning Pool  
  17  1:50  Drone x2  
  19  2:06  Drone  
  19  2:07  Drone  
  21  2:14  Overlord  
  21  2:18  Drone  
  21  2:19  Roach Warren  
  23  2:24  Queen  
  23  2:28  Lair  
  23  2:31  Drone  
  23  2:34  Drone  
  25  2:37  Drone  
  26  2:52  Extractor  
  26  2:55  Overlord  
  25  2:59  Roach  
  25  3:00  Roach  
  25  3:01  Drone x2  
  31  3:08  Extractor  
  30  3:13  Roach  
  30  3:15  Drone  
  33  3:31  Glial Reconstitution  
  33  3:35  Drone  
  33  3:39  Overlord x2  
  34  3:42  Queen  
  34  3:45  Extractor  
  34  3:46  Roach  
  34  3:47  Roach  
  39  3:49  Roach  
  39  3:50  Drone  
  39  3:55  Roach  
  44  3:59  Roach  
  44  4:01  Drone  
  47  4:06  Roach  
  49  4:15  Spore Crawler  
  48  4:18  Spore Crawler  
  48  4:19  Drone  
  48  4:20  Roach  
  48  4:23  Roach  
  52  4:29  Overlord  
  52  4:38  Overlord  
  52  4:41  Overlord  
  52  4:58  Roach  
  52  4:59  Roach x3  
  62  5:00  Roach  
  62  5:06  Roach x2  
  66  5:08  Drone  
  65  5:42  Roach  
  65  5:43  Roach x2  
  65  5:44  Overlord x2  
  65  5:45  Overlord x2  
  65  5:54  Roach  
  71  6:11  Roach x2  
  71  6:12  Roach x4  
  79  6:28  Roach x2  
  79  6:29  Roach x2  
  79  6:31  Ravager  
  70  7:10  Roach x6  
  70  7:11  Roach  
  70  7:12  Roach x5  
  66  7:24  Hydralisk Den, Roach  
  64  7:31  Extractor  
  64  7:36  Queen  
  63  7:41  Drone  
  63  7:42  Drone  
  67  7:48  Hatchery  
  66  8:12  Drone x3  
  69  8:22  Hydralisk x2, Muscular Augments  
  69  8:23  Hydralisk  
  75  8:30  Evolution Chamber  
  74  8:40  Hydralisk  
  76  8:43  Hydralisk  
  76  8:45  Drone  
  76  8:48  Drone  
  80  8:53  Drone  
  80  8:55  Drone  
  82  8:58  Drone  
  81  9:11  Hydralisk x2  
  81  9:16  Hydralisk  
  87  9:21  Spore Crawler  
  86  9:32  Queen  
  86  9:33  Grooved Spines  
  86  9:35  Hydralisk  
  86  9:36  Hydralisk  
  92  9:47  Hydralisk  
  92  9:49  Hydralisk  
  72  10:20  Hydralisk x3  
  70  10:21  Hydralisk x2  
  70  10:22  Hydralisk x2  
  70  10:26  Drone  
  70  10:27  Drone  
  80  10:29  Drone  
  80  10:31  Drone  
  82  10:36  Zerg Missile Weapons Level 1  
  82  10:46  Drone  
  82  10:47  Drone x2  
  85  11:03  Hatchery  
  84  11:07  Hydralisk x2  
  84  11:09  Drone  
  89  11:16  Spore Crawler  
  89  11:17  Hydralisk  
  90  11:19  Drone  
  90  11:24  Hydralisk  
  93  11:26  Hydralisk  
  95  11:35  Hydralisk x2  
  85  12:01  Hydralisk x6  
  85  12:19  Hydralisk x2  
  85  12:21  Drone  
  90  12:27  Hydralisk x2  
  90  12:29  Drone  
  95  12:35  Hatchery  
  95  12:36  Zerg Ground Armor Level 1  
  94  12:45  Evolution Chamber  
  93  12:56  Hydralisk x5  
  103  13:09  Drone x3  
  106  13:24  Overlord x3  
  106  13:26  Spore Crawler x2  
  104  13:28  Drone  
  105  13:34  Zerg Missile Weapons Level 2  
  105  13:49  Infestation Pit  
  104  14:00  Hydralisk x2  
  104  14:01  Hydralisk x4  
  116  14:19  Drone x3  
  119  14:26  Ravager x5  
  119  14:29  Roach x4  
  119  14:30  Drone  
  125  14:54  Hydralisk x2  
  125  14:55  Hydralisk x3  
  125  14:56  Drone x2  
  133  15:01  Overseer x2  
  133  15:07  Hive  
  133  15:10  Hydralisk  
  133  15:11  Overlord  
  133  15:12  Overlord  
  111  15:27  Hydralisk x2  
  110  15:28  Drone x4  
  110  15:34  Spire  
  110  15:35  Drone  
  113  15:38  Drone x3  
  113  15:42  Extractor  
  115  15:44  Extractor  
  115  15:46  Hydralisk  
  115  15:47  Hydralisk x2  
  78  16:14  Hydralisk x6  
  78  16:15  Drone  
  78  16:16  Hydralisk  
  75  16:33  Spine Crawler  
  75  16:34  Spine Crawler  
Tags
 
Add a new tag
Caveats
  • Supply blocks, unpowered buildings, or Contaminate may cause inaccurate times.
  • Supply counts are checked every 10 seconds.